 Dungeon Crawl Stone Soup version 0.29.0-4-gdea44cf6ec (webtiles) character file.

Game seed: 8460932575686231520

2492 qw the Grappler (level 9, -1/84 HPs)
             Began as a Troll Cinder Acolyte on Sept 3, 2022.
             Was a Priest of Ignis.
             Slain by Pikel
             ... wielding a +2 whip of electrocution
              (16 damage)
             ... on level 6 of the Dungeon.
             The game lasted 00:03:01 (4914 turns).

qw the Grappler (Troll Cinder Acolyte)              Turns: 4914, Time: 00:03:01

Health: -1/84      AC: 13    Str: 28      XL:     9   Next: 27%
Magic:  9/9        EV:  9    Int:  8 (10) God:    Ignis [***...]
Gold:   206        SH:  0    Dex:  5      Spells: 10/10 levels left

rFire   + . .      SeeInvis .     - Unarmed
rCold   . . .      Faith    .   (no shield)
rNeg    . . .      Spirit   .   a - +0 robe
rPois   .          Reflect  .   o - +1 hat
rElec   .          Harm     .   e - +0 cloak
rCorr   .          Rampage  .   (gloves unavailable)
Will    .....                   (boots unavailable)
Stlth   +.........              (no amulet)
HPRegen 1.04/turn               (no ring)
MPRegen 0.11/turn               (no ring)

@: about to teleport, fiery-armoured
A: large, unfitting armour, claws 3, regeneration 1, shaggy fur 1, tough skin 1
a: Renounce Religion, Fiery Armour, Foxfire Swarm, Rising Flame


You were on level 6 of the Dungeon.
You worshipped Ignis.
Ignis was most pleased with you.
You visited 1 branch of the dungeon, and saw 6 of its levels.
You also visited: Sewer and Ossuary.

You collected 350 gold pieces.
You spent 144 gold pieces at shops.


Innate Abilities, Weirdness & Mutations

You are too large for most types of armour.
You have claws for hands.
Your natural rate of healing is unusually fast.
You are covered in fur. (AC +1)
You have tough skin. (AC +1)


   Skills:
 + Level 4.0 Fighting
 - Level 1.8 Dodging
 - Level 12.0 Unarmed Combat
 - Level 1.0 Spellcasting
 - Level 2.1 Fire Magic


You had 10 spell levels left.
You didn't know any spells.
Your spell library contained the following spells:

 Spells                   Type           Power      Damage    Failure   Level
 Scorch                   Fire           6%         2d5       24%         2

Inventory:

Armour
 a - a +0 robe (worn)
 e - a +0 cloak (worn)
 o - a +1 hat (worn)
Scrolls
 h - a scroll of identify
 j - a scroll of teleportation
 l - a scroll of enchant weapon
Potions
 b - 3 potions of heal wounds
 c - 2 potions of cancellation
 d - 2 potions of might
 g - 2 potions of mutation
 i - a potion of curing
 p - a potion of invisibility {unknown}

Dungeon Overview and Level Annotations

Branches:
Dungeon (6/15)             Temple (0/1) D:5           Sewer (visited)
Ossuary (visited)

Altars:
Xom

Shops:
D:3 *

Annotations:
D:6 2 transporters, Pikel; qw's ghost, novice TrCA


Message History

You closely miss Pikel.
Pikel is moderately wounded.
You scratch Pikel. Your claw misses Pikel.
Pikel is moderately wounded.
Pikel hits you with a +2 whip of electrocution.
A lemure comes into view.
You closely miss Pikel.
Pikel is moderately wounded.
The lemure shouts!
Pikel waves his whip at you.
Pikel hits you with a +2 whip of electrocution!
You are electrocuted!
A lemure comes into view.
4909 ||| INVOKING Fiery Armour.
A protective cloak of flame settles atop you.
The lemure shouts!
Pikel hits you but does no damage.
You scratch Pikel.
Pikel is moderately wounded.
Pikel hits you with a +2 whip of electrocution!
Pikel is burned by your cloak of flames.
Pikel is heavily wounded.
You mangle Pikel!! You claw Pikel, but do no damage.
Pikel is almost dead.
Pikel hits you with a +2 whip of electrocution.
4912 ||| Stepping ~*~*~tactically~*~*~ (outnumbered).
You see here a black bear corpse.
4913 ||| Stepping ~*~*~tactically~*~*~ (outnumbered).
The lemure attacks as you move away! The lemure barely misses you.
Pikel attacks as you move away!
Pikel hits you with a +2 whip of electrocution.
You are electrocuted!
Pikel is burned by your cloak of flames.
Pikel is almost dead.
4914 ||| READING 2 scrolls of teleportation.
As you read the scroll of teleportation, it crumbles to dust.
You feel strangely unstable.
Pikel hits you with a +2 whip of electrocution.
You are electrocuted!
You die...

8.. ... . ..
..# #8 #. ..#
#..##?# 5.##
..... ... .#
#..#5##...#
#.5.......
##K#######
#.@....#
######.# #
##...# #
#####..### #
##.....## ..
##..####....#
# ###..##
......#
###...##
.....## #
#...###
#...##


You could see Pikel and a lemure.

Vanquished Creatures
  Menkaure (D:4)
  3 water moccasins
  Duvessa (D:4)
  2 ice beasts
  2 black bears
  2 ogres (D:5)
  A centaur (D:5)
  2 phantoms
  A gnoll sergeant (D:6)
  2 necrophages
  7 water moccasin zombies (Ossuary)
  Dowan (D:4)
  4 hounds
  A jelly (D:5)
  Natasha (thrice) (D:4)
  2 mummies (Ossuary)
  8 adders
  10 gnolls
  2 river rats (D:3)
  A white imp (D:4)
  An ufetubus (D:4)
  3 adder zombies (Ossuary)
  3 worms
  2 dart slugs (D:5)
  4 orcs (D:5)
  6 bats
  5 endoplasms
  3 giant cockroaches
  9 goblins
  A hobgoblin (D:1)
  An iguana (D:5)
  4 jackals
  6 kobolds
  4 quokkas
  8 ball pythons
  3 frilled lizards
  5 gnoll zombies (Ossuary)
  A hobgoblin zombie (Ossuary)
  4 kobold zombies (Ossuary)
  11 orc zombies (Ossuary)
  6 rats
146 creatures vanquished.

Vanquished Creatures (others)
  5 fungi (D:1)
5 creatures vanquished.

Grand Total: 151 creatures vanquished

Notes
Turn   | Place    | Note
-------+----------+-------------------------------------------
     0 | D:1      | qw the Troll Cinder Acolyte began the quest for the Orb.
     0 | D:1      | Reached XP level 1. HP: 22/22 MP: 1/1
     0 | D:1      | 0 ||| qw: Version: 0.1-a-102-g441f92d
     0 | D:1      | 0 ||| qw: Game counter: 5158
     0 | D:1      | 0 ||| qw: Always use a shield: true
     0 | D:1      | 0 ||| qw: God list: Okawaru
     0 | D:1      | 0 ||| qw: Allow faded altars: false
     0 | D:1      | 0 ||| qw: Do Orc after D:15 true
     0 | D:1      | 0 ||| qw: Do second Lair branch before Depths: true
     0 | D:1      | 0 ||| qw: Lair rune preference: random
     0 | D:1      | 0 ||| qw: Plans: Normal
     0 | D:1      | 0 ||| PLANNING D:1-11
    60 | D:1      | 60 ||| Stepping ~*~*~tactically~*~*~ (stealth).
    64 | D:1      | 64 ||| Stepping ~*~*~tactically~*~*~ (stealth).
    65 | D:1      | 65 ||| Stepping ~*~*~tactically~*~*~ (stealth).
    66 | D:1      | 66 ||| Stepping ~*~*~tactically~*~*~ (stealth).
    90 | D:1      | Reached XP level 2. HP: 28/29 MP: 2/2
   224 | D:1      | Found a faded altar of an unknown god.
   337 | D:1      | 337 ||| Stepping ~*~*~tactically~*~*~ (stealth).
   342 | D:1      | 342 ||| Stepping ~*~*~tactically~*~*~ (stealth).
   343 | D:1      | 343 ||| Stepping ~*~*~tactically~*~*~ (stealth).
   346 | D:1      | 346 ||| Stepping ~*~*~tactically~*~*~ (outnumbered).
   347 | D:1      | 347 ||| Stepping ~*~*~tactically~*~*~ (outnumbered).
   353 | D:1      | Reached skill level 4 in Unarmed Combat
   780 | D:1      | 780 ||| READING scroll labelled SUTAIFE QAOR.
   781 | D:1      | 781 ||| DRINKING 2 glowing silvery potions.
   832 | D:2      | Reached XP level 3. HP: 18/36 MP: 3/3
  1250 | D:2      | 1250 ||| READING scroll labelled PYEFIAXOGH.
  1251 | D:2      | 1251 ||| READING scroll labelled TEVIEN SEUXZIMN.
  1252 | D:2      | 1252 ||| READING scroll labelled HAUCKA YRUVAR.
  1256 | D:2      | 1256 ||| READING scroll labelled ENOWAEFORA.
  1257 | D:2      | 1257 ||| READING 2 scrolls labelled MOR NEJYSELOI.
  1258 | D:2      | 1258 ||| READING scroll labelled PUVIFR WOUR.
  1259 | D:2      | 1259 ||| DROPPING scroll of blinking.
  1260 | D:2      | 1260 ||| Stepping randomly (stuck).
  1261 | D:2      | 1261 ||| Stepping ~*~*~tactically~*~*~ (cloud).
  1316 | D:3      | 1316 ||| PLANNING SEWER
  1385 | D:3      | 1385 ||| Stepping ~*~*~tactically~*~*~ (stealth).
  1478 | D:3      | Found Doonk's Assorted Antiques.
  1478 | D:3      | Noticed a black bear
  1482 | D:3      | Killed a black bear
  1483 | D:3      | Reached skill level 5 in Unarmed Combat
  1483 | D:3      | Reached XP level 4. HP: 40/44 MP: 4/4
  1494 | D:3      | 1494 ||| BUYING fizzy black potion (22 gold).
  1494 | D:3      | Bought a fizzy black potion for 22 gold pieces
  1494 | D:3      | 1494 ||| BUYING fuming purple potion (22 gold).
  1494 | D:3      | Bought a fuming purple potion for 22 gold pieces
  1494 | D:3      | 1494 ||| BUYING scroll of identify (50 gold).
  1494 | D:3      | Bought a scroll of identify for 50 gold pieces
  1494 | D:3      | 1494 ||| BUYING scroll of identify (50 gold).
  1494 | D:3      | Bought a scroll of identify for 50 gold pieces
  1580 | D:3      | Reached XP level 5. HP: 50/50 MP: 5/5
  1663 | D:3      | Identified the +6 ring mail of the Lost Path {rCorr Str+2
                  | Dex-4}
  1698 | D:3      | 1698 ||| Stepping ~*~*~tactically~*~*~ (stealth).
  1802 | D:3      | 1802 ||| Stepping ~*~*~tactically~*~*~ (stealth).
  1806 | D:3      | Found a glowing drain.
  1814 | D:3      | Reached skill level 6 in Unarmed Combat
  1814 | D:3      | 1814 ||| READING scroll labelled TOSKUSAUCA.
  1815 | D:3      | 1815 ||| READING 3 scrolls of identify.
  1815 | D:3      | 1815 ||| IDENTIFYING inky potion
  1816 | D:3      | 1816 ||| READING 2 scrolls of identify.
  1816 | D:3      | 1816 ||| IDENTIFYING glowing cyan potion
  1849 | Sewer    | Entered a sewer
  1902 | Sewer    | Noticed a water moccasin
  1911 | Sewer    | 1911 ||| INVOKING Fiery Armour.
  1913 | Sewer    | Killed a water moccasin
  1914 | Sewer    | Reached XP level 6. HP: 21/59 MP: 6/6
  2009 | D:3      | 2009 ||| PLANNING D:1-11
  2275 | D:3      | Reached skill level 7 in Unarmed Combat
  2301 | D:3      | 2301 ||| Stepping ~*~*~tactically~*~*~ (outnumbered).
  2356 | D:3      | 2356 ||| DROPPING ring of magical power.
  2357 | D:3      | 2357 ||| READING 2 scrolls of identify.
  2357 | D:3      | 2357 ||| IDENTIFYING green potion
  2358 | D:3      | 2358 ||| DROPPING potion of brilliance.
  2491 | D:4      | Noticed Natasha
  2492 | D:4      | 2492 ||| Stepping ~*~*~tactically~*~*~ (hiding).
  2498 | D:4      | Killed Natasha
  2527 | D:4      | 2527 ||| INVOKING Fiery Armour.
  2653 | D:4      | Noticed Natasha
  2654 | D:4      | 2654 ||| Stepping ~*~*~tactically~*~*~ (stealth).
  2656 | D:4      | 2656 ||| Stepping ~*~*~tactically~*~*~ (hiding).
  2660 | D:4      | Killed Natasha
  2745 | D:4      | Noticed Natasha
  2746 | D:4      | 2746 ||| Stepping ~*~*~tactically~*~*~ (stealth).
  2749 | D:4      | 2749 ||| Stepping ~*~*~tactically~*~*~ (hiding).
  2750 | D:4      | 2750 ||| Stepping ~*~*~tactically~*~*~ (hiding).
  2758 | D:4      | Killed Natasha
  2795 | D:4      | Noticed Menkaure
  2796 | D:4      | 2796 ||| Stepping ~*~*~tactically~*~*~ (hiding).
  2799 | D:4      | 2799 ||| INVOKING Fiery Armour.
  2803 | D:4      | HP: 8/59 [Menkaure/nerve-wracking pain (14)]
  2804 | D:4      | 2804 ||| READING 3 scrolls of teleportation.
  2805 | D:4      | 2805 ||| DRINKING 3 potions of heal wounds.
  2808 | D:4      | 2808 ||| FLEEEEING.
  2809 | D:4      | 2809 ||| FLEEEEING.
  2810 | D:4      | 2810 ||| FLEEEEING.
  2811 | D:4      | 2811 ||| FLEEEEING.
  2812 | D:4      | 2812 ||| FLEEEEING.
  2813 | D:4      | 2813 ||| FLEEEEING.
  2814 | D:4      | 2814 ||| FLEEEEING.
  2815 | D:4      | 2815 ||| FLEEEEING.
  2816 | D:4      | 2816 ||| FLEEEEING.
  2817 | D:4      | 2817 ||| FLEEEEING.
  2818 | D:4      | 2818 ||| FLEEEEING.
  2819 | D:4      | 2819 ||| FLEEEEING.
  2820 | D:4      | 2820 ||| FLEEEEING.
  2821 | D:4      | 2821 ||| FLEEEEING.
  2822 | D:4      | 2822 ||| FLEEEEING.
  2823 | D:4      | 2823 ||| FLEEEEING.
  2824 | D:4      | 2824 ||| FLEEEEING.
  2825 | D:4      | 2825 ||| FLEEEEING.
  2826 | D:4      | 2826 ||| FLEEEEING.
  2827 | D:4      | 2827 ||| STAIRDANCE
  2840 | D:3      | 2840 ||| UPGRADING to +0 cloak.
  2845 | D:3      | 2845 ||| READING 2 scrolls of identify.
  2845 | D:3      | 2845 ||| IDENTIFYING fizzy black potion
  2846 | D:3      | 2846 ||| DROPPING potion of attraction.
  2852 | D:4      | 2852 ||| STAIRDANCE
  2888 | D:4      | Noticed Duvessa
  2889 | D:4      | Noticed Dowan
  2900 | D:4      | Killed Duvessa
  2901 | D:4      | Reached skill level 8 in Unarmed Combat
  2901 | D:4      | Reached XP level 7. HP: 66/66 MP: 7/7
  2912 | D:4      | Killed Dowan
  2913 | D:4      | Reached skill level 3 in Fighting
  2990 | D:4      | 2990 ||| FLEEEEING.
  3164 | D:4      | Killed Menkaure
  3454 | D:4      | 3454 ||| READING scroll labelled DUIBBA GIEL.
  3455 | D:4      | 3455 ||| READING 2 scrolls of identify.
  3455 | D:4      | 3455 ||| IDENTIFYING fuming purple potion
  3463 | D:5      | Entered Level 5 of the Dungeon
  3464 | D:5      | 3464 ||| PLANNING OSSUARY
  3478 | D:5      | Reached skill level 9 in Unarmed Combat
  3498 | D:5      | 3498 ||| READING 3 scrolls of teleportation.
  3511 | D:5      | 3511 ||| Stepping ~*~*~tactically~*~*~ (hiding).
  3520 | D:5      | Reached skill level 1 in Dodging
  3520 | D:5      | Reached XP level 8. HP: 64/75 MP: 8/8
  3553 | D:5      | 3553 ||| Stepping ~*~*~tactically~*~*~ (stealth).
  3554 | D:5      | 3554 ||| Stepping ~*~*~tactically~*~*~ (stealth).
  3566 | D:5      | Found a shimmering altar of Xom.
  3610 | D:5      | 3610 ||| Stepping ~*~*~tactically~*~*~ (stealth).
  3617 | D:5      | 3617 ||| Stepping ~*~*~tactically~*~*~ (outnumbered).
  3621 | D:5      | 3621 ||| Stepping ~*~*~tactically~*~*~ (outnumbered).
  3623 | D:5      | 3623 ||| INVOKING Fiery Armour.
  3626 | D:5      | Reached skill level 10 in Unarmed Combat
  3627 | D:5      | 3627 ||| Stepping ~*~*~tactically~*~*~ (outnumbered).
  3757 | D:5      | Found a sand-covered staircase.
  3765 | Ossuary  | Entered an ossuary
  3830 | Ossuary  | 3830 ||| INVOKING Fiery Armour.
  3895 | Ossuary  | 3895 ||| Stepping ~*~*~tactically~*~*~ (outnumbered).
  3908 | Ossuary  | 3908 ||| Stepping ~*~*~tactically~*~*~ (outnumbered).
  3909 | Ossuary  | 3909 ||| Stepping ~*~*~tactically~*~*~ (outnumbered).
  3959 | Ossuary  | 3959 ||| UPGRADING to +1 hat.
  3964 | Ossuary  | 3964 ||| READING scroll labelled UNASAK PIBIPHI.
  3965 | Ossuary  | 3965 ||| DRINKING 2 sedimented white potions.
  3966 | Ossuary  | 3966 ||| READING 3 scrolls of identify.
  3966 | Ossuary  | 3966 ||| IDENTIFYING viscous blue potion
  3967 | Ossuary  | 3967 ||| READING 2 scrolls of identify.
  3967 | Ossuary  | 3967 ||| IDENTIFYING viscous black potion
  3968 | Ossuary  | 3968 ||| DROPPING potion of ambrosia.
  3969 | Ossuary  | 3969 ||| DROPPING potion of magic.
  3970 | Ossuary  | 3970 ||| DROPPING potion of degeneration.
  3976 | D:5      | 3976 ||| PLANNING D:1-11
  4071 | D:5      | 4071 ||| Stepping ~*~*~tactically~*~*~ (stealth).
  4074 | D:5      | 4074 ||| Stepping ~*~*~tactically~*~*~ (hiding).
  4077 | D:5      | 4077 ||| Stepping ~*~*~tactically~*~*~ (hiding).
  4206 | D:5      | 4206 ||| Stepping ~*~*~tactically~*~*~ (stealth).
  4213 | D:5      | Reached skill level 11 in Unarmed Combat
  4469 | D:5      | 4469 ||| Stepping ~*~*~tactically~*~*~ (hiding).
  4545 | D:5      | Reached XP level 9. HP: 84/84 MP: 9/9
  4568 | D:5      | Found a staircase to the Ecumenical Temple.
  4648 | D:5      | 4648 ||| DROPPING ring of flight.
  4649 | D:5      | 4649 ||| READING 2 scrolls of identify.
  4649 | D:5      | 4649 ||| IDENTIFYING metallic silvery potion
  4650 | D:5      | 4650 ||| DROPPING potion of lignification.
  4710 | D:6      | Found a transporter.
  4710 | D:6      | Noticed qw's ghost (novice TrCA)
  4717 | D:6      | Found a transporter.
  4718 | D:6      | 4718 ||| Stepping ~*~*~tactically~*~*~ (outnumbered).
  4730 | D:6      | 4730 ||| INVOKING Fiery Armour.
  4839 | D:6      | 4839 ||| FLEEEEING.
  4840 | D:6      | 4840 ||| FLEEEEING.
  4841 | D:6      | 4841 ||| FLEEEEING.
  4843 | D:6      | 4843 ||| FLEEEEING.
  4898 | D:6      | Reached skill level 12 in Unarmed Combat
  4898 | D:6      | Noticed Pikel
  4909 | D:6      | 4909 ||| INVOKING Fiery Armour.
  4912 | D:6      | 4912 ||| Stepping ~*~*~tactically~*~*~ (outnumbered).
  4913 | D:6      | 4913 ||| Stepping ~*~*~tactically~*~*~ (outnumbered).
  4913 | D:6      | HP: 16/84 [Pikel/+2 whip of electrocution (11)]
  4914 | D:6      | 4914 ||| READING 2 scrolls of teleportation.
  4914 | D:6      | Slain by Pikel

Levels and vault maps discovered:
D:1:      roderic_octagonal_star, layout_loops_ring, basic_ecumenical_altar,
          dreamdust_mushroom_princess
D:2:      layout_rooms
D:3:      layout_loops_corners, serial_shops, shop, portal_sewer_entry_a
D:4:      layout_basic, minmay_stone_trees_small, uniq_natasha, uniq_menkaure,
          uniq_crazy_yiuf_cottage, uniq_duvessa
D:5:      layout_loops_ring, dk_xom_monty_hall, temple_doors_e,
          chequers_ossuary_entry_cave, minmay_checkerbox
D:6:      layout_rooms, gammafunk_ghost_arena, serial_shops,
          nicolae_shop_window_shopping, nicolae_shop_statue_plus,
          nicolae_shop_advertising_works [nicolae_subvault_shop_adworks], shop,
          shop, uniq_pikel

Skill      XL: |  1  2  3  4  5  6  7  8  9 |
---------------+----------------------------+-----
Unarmed Combat | 4 5 6 8 9 11 12 | 12.0
Fighting       | 3 4 |  4.0
Dodging        | 1 |  1.8
Spellcasting   | |  1.0
Fire Magic     | |  2.1

Action                   |  1- 3 |  4- 6 |  7- 9 || total
-------------------------+-------+-------+-------++-------
Melee: Unarmed           |    99 |    91 |   217 ||   407
       Punch             |     1 |     1 |     8 ||    10
Throw: Boomerang         |    10 |    45 |     9 ||    64
Invok: Fiery Armour      |       |     3 |     4 ||     7
  Use: Scroll            |     7 |     6 |     8 ||    21
       Potion            |     1 |     1 |     1 ||     3
Armor: Robe              |    37 |    25 |    63 ||   125
Dodge: Dodged            |    51 |    40 |    71 ||   162

Table legend:
 A = Non-vault XP
 B = Vault XP
 C = Vault XP percentage of total XP
 D = Non-vault monster count
 E = Vault monster count
 F = Vault count percentage of total count
                 A         B        C        D         E       F
            +---------+---------+-------+---------+---------+-------
      Total |    2044 |    1516 |  42.6 |      93 |      53 |  36.3
            +---------+---------+-------+---------+---------+-------
        D:1 |      36 |       0 |   0.0 |      20 |       0 |   0.0
        D:2 |      29 |       0 |   0.0 |      11 |       0 |   0.0
        D:3 |     184 |      36 |  16.4 |      13 |       7 |  35.0
        D:4 |     292 |     423 |  59.2 |      21 |       4 |  16.0
        D:5 |     747 |     256 |  25.5 |      18 |       6 |  25.0
        D:6 |     756 |       0 |   0.0 |      10 |       0 |   0.0
      Sewer |       0 |     161 | 100.0 |       0 |       3 | 100.0
    Ossuary |       0 |     640 | 100.0 |       0 |      33 | 100.0
            +---------+---------+-------+---------+---------+-------
